 Dungeon Crawl Stone Soup version 0.27.0-1-g7a089689b8 (webtiles) character file.

Game seed: 1187846051350161836

207 dolemite99 the Spear-Bearer (level 5, 0/38 HPs)
             Began as a Merfolk Gladiator on Aug 6, 2021.
             Slain by a goblin (1 damage)
             ... led by Robin
             ... on level 2 of the Dungeon.
             The game lasted 00:02:46 (2267 turns).

dolemite99 the Spear-Bearer (Merfolk Gladiator)     Turns: 2267, Time: 00:02:47

Health: 0/38       AC:  9    Str: 15    XL:     5   Next: 85%
Magic:  5/5        EV:  8    Int:  8    God:
Gold:   50         SH:  0    Dex: 15    Spells: 4/4 levels left

rFire    + . .     SeeInvis .   a - +0 trident
rCold    + . .     Faith    .   (no shield)
rNeg     . . .     Spirit   .   f - +0 chain mail
rPois    +         Reflect  .   c - +0 helmet
rElec    +         Harm     .   (no cloak)
rCorr    +         Rampage  .   (no gloves)
Will     .....                  (no boots)
Stlth    ..........             (no amulet)
HPRegen  0.12/turn              (no ring)
MPRegen  0.09/turn              (no ring)

@: resistant
A: (nimble swimmer 2), mertail
a: no special abilities


You were on level 2 of the Dungeon.
You visited 1 branch of the dungeon, and saw 2 of its levels.

You collected 50 gold pieces.

Inventory:

Hand Weapons
 a - a +0 trident (weapon)
Missiles
 j - 5 boomerangs (quivered)
Armour
 b - a +0 leather armour
 c - a +0 helmet (worn)
 f - a +0 chain mail (worn)
 g - a +0 ring mail
Jewellery
 i - a ring of protection from cold
Scrolls
 h - a scroll of noise {unknown}


   Skills:
 - Level 2.1 Fighting
 + Level 8.0 Polearms
 - Level 2.0 Throwing
 - Level 5.6 Dodging


You had 4 spell levels left.
You didn't know any spells.
Your spell library was empty.

Dungeon Overview and Level Annotations

Branches:
Dungeon (2/15)

Altars:

Shops:
D:1 *


Innate Abilities, Weirdness & Mutations

((You are quick and stealthy near water. (Stealth+, EV+, Speed+++)))
Your lower body shifts to a powerful aquatic tail in water.


Message History

You hit the goblin but do no damage.
The goblin hits you but does no damage. x2
You hit the goblin.
You kill the goblin!
The goblin hits you but does no damage.
You hit the goblin.
You kill the goblin!
A goblin comes into view. It is wielding a +0 club.
The goblin hits you with a +0 dagger.
* * * LOW HITPOINT WARNING * * *
You barely miss the goblin. The goblin hits you with a +0 dagger.
* * * LOW HITPOINT WARNING * * *
The goblin hits you but does no damage.
A goblin comes into view. It is wielding a +0 dagger.
Things that are here:
a +0 club; a goblin corpse; a hobgoblin corpse You puncture the goblin!
You kill the goblin!
The goblin hits you with a +0 club.
* * * LOW HITPOINT WARNING * * *
You hit the goblin.
The goblin is severely wounded.
The goblin closely misses you.
You hit the goblin but do no damage.
The goblin is severely wounded.
The goblin barely misses you. The goblin closely misses you.
You closely miss the goblin.
The goblin is severely wounded.
The goblin hits you but does no damage. The goblin hits you with a +0 club.
* * * LOW HITPOINT WARNING * * *
Your chain mail prevents you from hitting the goblin.
The goblin is severely wounded.
The goblin hits you but does no damage. The goblin hits you with a +0 club.
* * * LOW HITPOINT WARNING * * *
It was a potion of resistance.
You feel protected.
The goblin hits you but does no damage. x2
You puncture the goblin!
You kill the goblin!
The goblin hits you with a +0 club.
You die... #g# gg.

#g## # #g##.#
#.##.##### #.#.#.#..
#..# #..# #!## ##g#
### ##g###@## #.##
##.#)## ...# ##)##
#.## ##.# #.# #..# #.#
#.## #.###### #.#
.[.....######.#######.
....##................


You could see a goblin.

Vanquished Creatures
  A phantom (D:2)
  Robin (D:2)
  4 adders (D:2)
  A gnoll (D:1)
  An adder skeleton (D:2)
  2 worms (D:2)
  3 dart slugs (D:2)
  7 endoplasms
  5 giant cockroaches
  8 goblins
  6 hobgoblins
  9 jackals
  3 kobolds
  3 ball pythons (D:1)
  2 bats (D:1)
  A frilled lizard (D:1)
  4 rats
61 creatures vanquished.

Notes
Turn   | Place    | Note
-------+----------+-------------------------------------------
     0 | D:1      | dolemite99 the Merfolk Gladiator began the quest for the
                  | Orb.
     0 | D:1      | Reached XP level 1. HP: 16/16 MP: 1/1
    85 | D:1      | Reached skill level 5 in Polearms
    85 | D:1      | Reached XP level 2. HP: 5/22 MP: 2/2
   631 | D:1      | Reached XP level 3. HP: 27/27 MP: 3/3
   945 | D:1      | Found Xigaacor's General Store.
  1366 | D:2      | Reached skill level 6 in Polearms
  1716 | D:2      | Reached XP level 4. HP: 21/33 MP: 4/4
  1832 | D:2      | Reached skill level 5 in Dodging
  1894 | D:2      | Noticed a phantom
  1916 | D:2      | Killed a phantom
  1917 | D:2      | Reached skill level 7 in Polearms
  1917 | D:2      | Reached XP level 5. HP: 19/38 MP: 5/5
  2196 | D:2      | Noticed Robin
  2242 | D:2      | Killed Robin
  2251 | D:2      | Reached skill level 8 in Polearms
  2265 | D:2      | HP: 1/38 [goblin[Robin] (2)]
  2267 | D:2      | Slain by a goblin

Illustrated notes

Levels and vault maps discovered:
D:1:      arrival_zaba_pyramid, layout_loops_ring, serial_shops,
          nicolae_shop_behind_doors, roderic_filled_cross, minmay_pentomino_v2
D:2:      layout_loops_ring, uniq_robin

Skill      XL: |  1  2  3  4  5 |
---------------+----------------+-----
Polearms       | 5 6 7 8 |  8.0
Dodging        | 5 |  5.6
Fighting       | |  2.1
Throwing       | |  2.0

Action                   |  1- 3 |  4- 6 || total
-------------------------+-------+-------++-------
Melee: Trident           |   124 |   111 ||   235
Throw: Throwing net      |       |     3 ||     3
  Use: Scroll            |     2 |       ||     2
       Potion            |       |     2 ||     2
 Stab: Sleeping          |     5 |       ||     5
       Held in net/web   |       |     1 ||     1
Armor: Leather armour    |     1 |       ||     1
       Ring mail         |    20 |       ||    20
       Chain mail        |     2 |    42 ||    44
Dodge: Dodged            |    59 |    42 ||   101
